MWL (24 & UNDER)
MINNESOTA DEATH STARS @ LEE'S SUMMIT TIGERS
08/16/2026
 
TOP OF THE 1ST
Minnesota Death Stars batting - Pitching for Lee's Summit Tigers : LHP Jeff Sandusky
Pitching: LHP Jeff Sandusky
Batting: RHB Abraham Hardy 0-0: Called Strike
0-1: Ball
1-1: Ball
2-1: Foul Ball, location: 2F
2-2: Ball
3-2: Strikes out swinging
Batting: RHB Júlio López 0-0: Fly out, F7 (Flyball, 7M)
Batting: RHB Gabriel Ángel 0-0: Swinging Strike
0-1: Foul Ball, location: 2F
0-2: Foul Ball, location: 2F
0-2: Strikes out looking
Top of the 1st over - 0 run(s), 0 hit(s), 0 error(s), 0 left on base; Minnesota 0 - Lee's Summit 0
BOTTOM OF THE 1ST
Lee's Summit Tigers batting - Pitching for Minnesota Death Stars : RHP Howard Jewel
Pitching: RHP Howard Jewel
Batting: RHB José López 0-0: SINGLE (Groundball, 34D)
Batting: RHB Rusty Bennett 0-0: Ball
José López steals 2nd base
1-0: Ball
2-0: Ground out 5-3 (Groundball, 56)
Batting: LHB Edward Rose 0-0: Called Strike
0-1: Called Strike
0-2: Ball
1-2: Fly out, F9 (Flyball, 9D)
Runner from 2nd tags up, SAFE at 3rd, no throw
Batting: RHB Flint Todd 0-0: Ground out 1-3 (Groundball, 15)
Bottom of the 1st over - 0 run(s), 1 hit(s), 0 error(s), 1 left on base; Minnesota 0 - Lee's Summit 0
TOP OF THE 2ND
Minnesota Death Stars batting - Pitching for Lee's Summit Tigers : LHP Jeff Sandusky
Batting: LHB Zack Payton 0-0: Ball
1-0: Foul Ball, location: 2F
1-1: Called Strike
1-2: Foul Ball, location: 2F
1-2: Strikes out looking
Batting: SHB Javier Jiménez 0-0: Called Strike
0-1: Ball
1-1: SINGLE (Line Drive, 8RS)
Batting: RHB Mario Solís 0-0: Ball
1-0: Swinging Strike
1-1: Called Strike
1-2: Strikes out swinging
Batting: RHB Kel Weeks 0-0: Foul Ball, location: 2F
0-1: Ball
1-1: SINGLE (Line Drive, 4MD)
Javier Jiménez to second
Batting: RHB Ramão Almana 0-0: Fly out, F7 (Flyball, 78D)
Top of the 2nd over - 0 run(s), 2 hit(s), 0 error(s), 2 left on base; Minnesota 0 - Lee's Summit 0
BOTTOM OF THE 2ND
Lee's Summit Tigers batting - Pitching for Minnesota Death Stars : RHP Howard Jewel
Batting: SHB Wayne Matthews 0-0: Called Strike
0-1: Ball
1-1: Ball
2-1: Foul Ball, location: 2F
2-2: Ball
3-2: SINGLE (Line Drive, 7S)
Batting: RHB Michael Hall 0-0: Ball
1-0: SINGLE (Line Drive, 8RS)
Wayne Matthews to second
Batting: RHB Ricardo Velásquez 0-0: Called Strike
0-1: Called Strike
0-2: Strikes out swinging
Batting: SHB Juan Glaviz 0-0: Called Strike
0-1: Foul Ball, location: 2F
0-2: Ball
1-2: Ball
2-2: Strikes out swinging
Batting: LHB Daniel Rincón 0-0: Foul Ball, location: 2F
0-1: Ground out U3 (Groundball, 3)
Bottom of the 2nd over - 0 run(s), 2 hit(s), 0 error(s), 2 left on base; Minnesota 0 - Lee's Summit 0
TOP OF THE 3RD
Minnesota Death Stars batting - Pitching for Lee's Summit Tigers : LHP Jeff Sandusky
Batting: RHB Raúl Flores 0-0: Ground out 5-3 (Groundball, 5L)
Batting: RHB Abraham Hardy 0-0: Called Strike
0-1: Foul Ball, location: 2F
0-2: Ball
1-2: Foul Ball, location: 2F
1-2: Strikes out swinging
Batting: RHB Júlio López 0-0: Foul Ball, location: 2F
0-1: Ball
1-1: Fly out, F8 (Popup, 4MD)
Top of the 3rd over - 0 run(s), 0 hit(s), 0 error(s), 0 left on base; Minnesota 0 - Lee's Summit 0
BOTTOM OF THE 3RD
Lee's Summit Tigers batting - Pitching for Minnesota Death Stars : RHP Howard Jewel
Batting: RHB José López 0-0: Swinging Strike
0-1: Foul Ball, location: 2F
0-2: Ball
1-2: Ball
2-2: Foul Ball, location: 2F
2-2: Foul Ball, location: 2F
2-2: Strikes out looking
Batting: RHB Rusty Bennett 0-0: Ball
1-0: Ball
2-0: Ball
3-0: Called Strike
3-1: Foul Ball, location: 2F
3-2: Foul Ball, location: 2F
3-2: Foul Ball, location: 2F
3-2: Foul Ball, location: 2F
3-2: Ground out 3-1 (Groundball, 34S)
Batting: LHB Edward Rose 0-0: Swinging Strike
0-1: Ball
1-1: Called Strike
1-2: Ball
2-2: Ball
3-2: Foul Ball, location: 2F
3-2: SINGLE (Groundball, 56D)
Batting: RHB Flint Todd 0-0: Ball
1-0: Ball
2-0: Fly out, F8 (Line Drive, 8RXD)
Bottom of the 3rd over - 0 run(s), 1 hit(s), 0 error(s), 1 left on base; Minnesota 0 - Lee's Summit 0
TOP OF THE 4TH
Minnesota Death Stars batting - Pitching for Lee's Summit Tigers : LHP Jeff Sandusky
Batting: RHB Gabriel Ángel 0-0: Ball
1-0: Called Strike
1-1: Swinging Strike
1-2: Ball
2-2: Foul Ball, location: 2F
2-2: Strikes out looking
Batting: LHB Zack Payton 0-0: Ground out 6-3 (Groundball, 6M)
Batting: SHB Javier Jiménez 0-0: Called Strike
0-1: Ball
1-1: Foul Ball, location: 2F
1-2: Strikes out swinging
Top of the 4th over - 0 run(s), 0 hit(s), 0 error(s), 0 left on base; Minnesota 0 - Lee's Summit 0
BOTTOM OF THE 4TH
Lee's Summit Tigers batting - Pitching for Minnesota Death Stars : RHP Howard Jewel
Batting: SHB Wayne Matthews 0-0: Called Strike
0-1: Ball
1-1: Swinging Strike
1-2: Strikes out swinging
Batting: RHB Michael Hall 0-0: Called Strike
0-1: Ball
1-1: Hit by Pitch
Batting: RHB Ricardo Velásquez 0-0: Ball
1-0: SINGLE (Line Drive, 6MD)
Michael Hall to second
Batting: SHB Juan Glaviz 0-0: Ball
1-0: Called Strike
1-1: Hit by Pitch
Michael Hall to third
Ricardo Velásquez to second
Batting: LHB Daniel Rincón 0-0: Called Strike
0-1: Ball
1-1: Ball
2-1: Fly out, F8 (Flyball, 8LM)
Runner from 3rd tags up, SCORES, no throw
Batting: RHB José López 0-0: Ground out 5-3 (Groundball, 5S)
Bottom of the 4th over - 1 run(s), 1 hit(s), 0 error(s), 2 left on base; Minnesota 0 - Lee's Summit 1
TOP OF THE 5TH
Minnesota Death Stars batting - Pitching for Lee's Summit Tigers : LHP Jeff Sandusky
Batting: RHB Mario Solís 0-0: Ball
1-0: SINGLE (Groundball, 4MD)
Batting: RHB Kel Weeks 0-0: Ball
1-0: Ball
2-0: Called Strike
2-1: Foul Ball, location: 2F
2-2: Foul Ball, location: 2F
2-2: Strikes out swinging
Batting: RHB Ramão Almana 0-0: Swinging Strike
0-1: Ball
1-1: Called Strike
1-2: Ball
2-2: Ball
3-2: Strikes out swinging
Batting: RHB Raúl Flores 0-0: Called Strike
0-1: Swinging Strike
0-2: Strikes out looking
Top of the 5th over - 0 run(s), 1 hit(s), 0 error(s), 1 left on base; Minnesota 0 - Lee's Summit 1
BOTTOM OF THE 5TH
Lee's Summit Tigers batting - Pitching for Minnesota Death Stars : RHP Howard Jewel
Batting: RHB Rusty Bennett 0-0: Ball
1-0: Ball
2-0: Swinging Strike
2-1: Ball
3-1: Foul Ball, location: 2F
3-2: Ground out 6-3 (Groundball, 6)
Batting: LHB Edward Rose 0-0: Ball
1-0: Fly out, F8 (Flyball, 8LXD)
Batting: RHB Flint Todd 0-0: Ball
1-0: Fly out, F7 (Flyball, 7D)
Bottom of the 5th over - 0 run(s), 0 hit(s), 0 error(s), 0 left on base; Minnesota 0 - Lee's Summit 1
TOP OF THE 6TH
Minnesota Death Stars batting - Pitching for Lee's Summit Tigers : LHP Jeff Sandusky
Batting: RHB Abraham Hardy 0-0: Foul Ball, location: 2F
0-1: Swinging Strike
0-2: Foul Ball, location: 2F
0-2: Ball
1-2: Strikes out swinging
Batting: RHB Júlio López 0-0: Ball
1-0: Foul Ball, location: 2F
1-1: Foul Ball, location: 2F
1-2: Foul Ball, location: 2F
1-2: Strikes out looking
Batting: RHB Gabriel Ángel 0-0: Fly out, F6 (Line Drive, 6)
Top of the 6th over - 0 run(s), 0 hit(s), 0 error(s), 0 left on base; Minnesota 0 - Lee's Summit 1
BOTTOM OF THE 6TH
Lee's Summit Tigers batting - Pitching for Minnesota Death Stars : RHP Howard Jewel
Batting: SHB Wayne Matthews 0-0: Called Strike
0-1: Ball
1-1: Ball
2-1: Swinging Strike
2-2: Foul Ball, location: 2F
2-2: Strikes out swinging
Pitching: RHP Stan Payne
Batting: RHB Michael Hall 0-0: Called Strike
0-1: Ground out 3-1 (Groundball, 34S)
Batting: RHB Ricardo Velásquez 0-0: Ball
1-0: Hit by Pitch
Batting: SHB Juan Glaviz 0-0: Called Strike
0-1: Swinging Strike
0-2: Ball
1-2: Fly out, F9 (Flyball, 89M)
Bottom of the 6th over - 0 run(s), 0 hit(s), 0 error(s), 1 left on base; Minnesota 0 - Lee's Summit 1
TOP OF THE 7TH
Minnesota Death Stars batting - Pitching for Lee's Summit Tigers : LHP Jeff Sandusky
Batting: LHB Zack Payton 0-0: Called Strike
0-1: Ball
1-1: Swinging Strike
1-2: Ball
2-2: Strikes out swinging
Batting: SHB Javier Jiménez 0-0: Ball
1-0: Foul Ball, location: 2F
1-1: Called Strike
1-2: Strikes out swinging
Batting: RHB Mario Solís 0-0: Ball
1-0: Called Strike
1-1: Ball
2-1: Swinging Strike
2-2: Strikes out swinging
Top of the 7th over - 0 run(s), 0 hit(s), 0 error(s), 0 left on base; Minnesota 0 - Lee's Summit 1
BOTTOM OF THE 7TH
Lee's Summit Tigers batting - Pitching for Minnesota Death Stars : RHP Stan Payne
Batting: LHB Daniel Rincón 0-0: Ground out 4-3 (Groundball, 4)
Batting: RHB José López 0-0: Ground out 1-3 (Groundball, 15)
Batting: RHB Rusty Bennett 0-0: Called Strike
0-1: Foul Ball, location: 2F
0-2: Ball
1-2: Foul Ball, location: 2F
1-2: Fly out, F4 (Popup, 4)
Bottom of the 7th over - 0 run(s), 0 hit(s), 0 error(s), 0 left on base; Minnesota 0 - Lee's Summit 1
TOP OF THE 8TH
Minnesota Death Stars batting - Pitching for Lee's Summit Tigers : LHP Jeff Sandusky
Pitching: RHP Jeff Mann
Now at 2B: Steven Wright
Batting: RHB Kel Weeks 0-0: SINGLE (Line Drive, 89S)
Pinch Runner at 1st Kris Ballard:
Batting: RHB Ramão Almana 0-0: Sac Bunt - play at first, batter OUT! 3-4
Kris Ballard to second
Pinch Hitting: LHB Emílio Montoya 0-0: Ball
1-0: Ball
2-0: Called Strike
2-1: Foul Ball, location: 2F
2-2: DOUBLE (Line Drive, 78M)
Kris Ballard scores
Batting: RHB Abraham Hardy 0-0: Ball
1-0: Swinging Strike
1-1: Ball
2-1: Called Strike
2-2: Strikes out swinging
Batting: RHB Júlio López 0-0: Fly out, F3 (Popup, 4)
Top of the 8th over - 1 run(s), 2 hit(s), 0 error(s), 1 left on base; Minnesota 1 - Lee's Summit 1
BOTTOM OF THE 8TH
Lee's Summit Tigers batting - Pitching for Minnesota Death Stars : RHP Stan Payne
Now at SS: Kris Ballard
Now in CF: Emílio Montoya
Batting: LHB Edward Rose 0-0: Ball
1-0: Ball
2-0: Called Strike
2-1: Swinging Strike
2-2: Ball
3-2: Base on Balls
Pitching: RHP Arthur Melton
Batting: RHB Flint Todd 0-0: Ball
1-0: Ball
2-0: Ball
3-0: Called Strike
3-1: Base on Balls
Edward Rose to second
Pinch Hitting: LHB José López 0-0: Ball
1-0: Ball
2-0: Swinging Strike
2-1: Foul Ball, location: 2F
2-2: Foul Ball, location: 2F
2-2: Strikes out swinging
Batting: RHB Michael Hall 0-0: Foul Ball, location: 2F
0-1: Foul Ball, location: 2F
0-2: Ball
1-2: Foul Ball, location: 2F
1-2: Strikes out swinging
Pinch Hitting: LHB Richard Hinkle 0-0: Called Strike
0-1: Fly out, F5 (Popup, 5F)
Bottom of the 8th over - 0 run(s), 0 hit(s), 0 error(s), 2 left on base; Minnesota 1 - Lee's Summit 1
TOP OF THE 9TH
Minnesota Death Stars batting - Pitching for Lee's Summit Tigers : RHP Jeff Mann
Pitching: RHP Alejandro Longoria
Now at 3B: Gilberto Ferrer
Now in LF: José López
Batting: RHB Gabriel Ángel 0-0: Called Strike
0-1: Called Strike
0-2: Ball
1-2: Ball
2-2: Ball
3-2: Base on Balls
Pinch Runner at 1st Manuel Jiménez:
Batting: LHB Zack Payton 0-0: Called Strike
0-1: Foul Ball, location: 2F
0-2: Ball
1-2: Foul Ball, location: 2F
1-2: Ball
2-2: Foul Ball, location: 2F
Balk!
Manuel Jiménez to second
2-2: Ball
3-2: DOUBLE (Line Drive, 7LM)
Manuel Jiménez scores
Batting: SHB Javier Jiménez 0-0: Ball
1-0: 2-RUN HOME RUN (Flyball, 78XD), Distance : 379 ft
Batting: RHB Mario Solís 0-0: Swinging Strike
0-1: Ball
1-1: Foul Ball, location: 2F
1-2: SINGLE (Line Drive, 8LS)
Batting: RHB Kris Ballard 0-0: Ball
1-0: Bunted foul
1-1: Sac Bunt - play at first, batter OUT! 1-4
Mario Solís to second
Batting: RHB Ramão Almana 0-0: Ball
1-0: Called Strike
1-1: Foul Ball, location: 2F
1-2: Ball
2-2: Foul Ball, location: 2F
2-2: Strikes out looking
Batting: LHB Emílio Montoya 0-0: Ball
1-0: Called Strike
1-1: Ball
2-1: Fly out, F8 (Flyball, 89M)
Top of the 9th over - 3 run(s), 3 hit(s), 0 error(s), 1 left on base; Minnesota 4 - Lee's Summit 1
BOTTOM OF THE 9TH
Lee's Summit Tigers batting - Pitching for Minnesota Death Stars : RHP Arthur Melton
Pitching: RHP Esteban Muñóz
Now at 1B: Tony Estrada
Batting: SHB Juan Glaviz 0-0: Foul Ball, location: 2F
0-1: Ball
1-1: Foul Ball, location: 2F
1-2: Ground out 4-3 (Groundball, 4)
Batting: LHB Daniel Rincón 0-0: Foul Ball, location: 2F
0-1: Called Strike
0-2: Ball
1-2: Foul Ball, location: 2F
1-2: Foul Ball, location: 2F
1-2: Ball
2-2: Ball
3-2: Foul Ball, location: 2F
3-2: Foul Ball, location: 2F
3-2: Base on Balls
Batting: RHB Steven Wright 0-0: Ball
1-0: Ball
2-0: Ball
3-0: Called Strike
3-1: Called Strike
3-2: Base on Balls
Daniel Rincón to second
Batting: RHB Rusty Bennett 0-0: Ball
1-0: Swinging Strike
1-1: Ball
2-1: Foul Ball, location: 2F
2-2: Ball
3-2: Base on Balls
Daniel Rincón to third
Steven Wright to second
Batting: LHB Edward Rose 0-0: Called Strike
0-1: DOUBLE (Line Drive, 9LM)
Daniel Rincón scores
Steven Wright scores
Rusty Bennett to third
Batting: RHB Flint Todd 0-0: Ball
1-0: Ball
2-0: Ball
3-0: Called Strike
3-1: Foul Ball, location: 2F
3-2: Base on Balls
Batting: LHB José López 0-0: Ball
1-0: Grounds into double play, 3-2-3 (Groundball, 3S)
Bottom of the 9th over - 2 run(s), 1 hit(s), 0 error(s), 2 left on base; Minnesota 4 - Lee's Summit 3
Monday, December 5th, 2016 - OOTP Baseball 17.12 Build 75